 Dungeon Crawl Stone Soup version 0.28.0-49-g6dfe1f597d (webtiles) character file.

Game seed: 15815766017094914348

755 Dreadrock the Chopper (level 7, -5/93 HPs)
             Began as a Minotaur Berserker on May 11, 2022.
             Was a Believer of Trog.
             Slain by an ogre
             ... wielding a +0 giant club
              (21 damage)
             ... on level 5 of the Dungeon.
             The game lasted 00:11:11 (5251 turns).

Dreadrock the Chopper (Minotaur Berserker)          Turns: 5251, Time: 00:11:11

Health: -5/93      AC: 10    Str: 23    XL:     7   Next: 49%
Magic:  6/6        EV: 12    Int:  4    God:    Trog [**....]
Gold:   224        SH:  5    Dex: 10    Spells: 6/6 levels left

rFire   . . .      SeeInvis .   a - +0 hand axe
rCold   . . .      Faith    .   (no shield)
rNeg    . . .      Spirit   .   j - +0 leather armour
rPois   .          Reflect  +   (helmet restricted)
rElec   .          Harm     .   b - +0 cloak
rCorr   .          Rampage  .   u - +1 pair of gloves
Will    .....                   (no boots)
Stlth   ..........              q - amulet of reflection
HPRegen 0.25/turn               i - +4 ring of protection
MPRegen 0.10/turn               (no ring)

@: berserking, very quick
A: horns 2, retaliatory headbutt
a: Renounce Religion, Berserk, Trog's Hand


You were on level 5 of the Dungeon.
You worshipped Trog.
Trog was pleased with you.
You visited 1 branch of the dungeon, and saw 5 of its levels.

You collected 224 gold pieces.

Inventory:

Hand Weapons
 a - a +0 hand axe (weapon)
Missiles
 h - 2 poisoned darts (quivered)
Armour
 b - a +0 cloak (worn)
 j - a +0 leather armour (worn)
 u - a +1 pair of gloves (worn)
Jewellery
 i - a +4 ring of protection (left hand)
 k - an amulet of guardian spirit
 q - an amulet of reflection (around neck)
 v - a ring of positive energy
 y - a +6 ring of intelligence
 z - a +4 ring of protection
Scrolls
 c - a scroll of brand weapon {unknown}
 f - 3 scrolls of identify {unknown}
 g - a scroll of fog {unknown}
 l - 2 scrolls of teleportation {unknown}
 m - 3 scrolls of vulnerability {unknown}
 n - 2 scrolls of enchant armour {unknown}
 o - a scroll of noise {unknown}
 r - a scroll of amnesia {unknown}
 s - a scroll of blinking {unknown}
 w - a scroll of torment {unknown}
Potions
 d - a potion of brilliance {unknown}
 e - 2 potions of curing {unknown}
 p - a potion of mutation {unknown}
 t - a potion of experience {unknown}
 x - a potion of invisibility {unknown}


   Skills:
 + Level 5.7 Fighting
 * Level 7.5 Axes
 + Level 4.1 Armour
 + Level 3.8 Dodging
 + Level 3.2 Shields


You had 6 spell levels left.
You didn't know any spells.
Your spell library was empty.

Dungeon Overview and Level Annotations

Branches:
Dungeon (5/15)
 Temple: D:4-7

Altars:
Zin

Shops:
D:2 [   D:3 *   D:4 !


Innate Abilities, Weirdness & Mutations

You have a pair of horns on your head.
You reflexively headbutt those who attack you in melee.


Message History

You barely miss the water moccasin zombie.
The water moccasin zombie is moderately damaged.
The water moccasin zombie barely misses you.
You hit the water moccasin zombie.
The water moccasin zombie is heavily damaged.
The water moccasin zombie bites you but does no damage.
You hit the water moccasin zombie.
The water moccasin zombie is heavily damaged.
The water moccasin zombie bites you.
You slash the water moccasin zombie!
The water moccasin zombie is severely damaged.
The water moccasin zombie bites you but does no damage.
You slash the water moccasin zombie!
The water moccasin zombie is almost destroyed.
The water moccasin zombie bites you but does no damage.
The water moccasin zombie bites you.
You hit the water moccasin zombie.
The water moccasin zombie is almost destroyed.
The water moccasin zombie misses you. You furiously retaliate!
You headbutt the water moccasin zombie.
You destroy the water moccasin zombie!
Trog accepts your kill.
n - 2 scrolls labelled PYEMOITOAJ (gained 1) HP restored.
An ogre comes into view. It is wielding a +0 giant club.
The ogre shouts!
The ogre moves out of view.
Found 6 poisoned darts.
The ogre hits you with a +0 giant club!!
The ogre hits you with a +0 giant club!
You hit the ogre but do no damage. You headbutt the ogre.
The ogre is moderately wounded.
You slash the ogre! Your headbutt misses the ogre.
The ogre is heavily wounded.
The ogre hits you with a +0 giant club!
* * * LOW HITPOINT WARNING * * *
A red film seems to cover your vision as you go berserk!
You feel yourself moving faster!
You feel mighty!
The ogre hits you with a +0 giant club!!
You die...

#..#..##
##..#..#
#..#..##
#..##..# #..
#..## #..
##..## ##.
#...#
#..###..####
#......@O..##
#...........#
.............#
..............#
............$.#
..............#
...............
.............(.
...............


You could see an ogre.

Vanquished Creatures
  3 ogres
  The ghost of Name63 the Ducker, an amateur FeTm (D:3)
  2 scorpions
  A water moccasin zombie (D:5)
  A water moccasin skeleton (D:5)
  A bullfrog skeleton (D:4)
  Terence (D:2)
  An iguana (D:4)
  A howler monkey zombie (D:5)
  Robin (D:3)
  4 adders
  An ufetubus (D:4)
  A worm (D:2)
  3 dart slugs
  3 orcs
  6 bats
  4 endoplasms
  5 giant cockroaches
  9 goblins
  2 hobgoblins
  7 jackals
  2 quokkas
  6 ball pythons
  4 frilled lizards
  10 kobolds
  4 rats
84 creatures vanquished.

Notes
Turn   | Place    | Note
-------+----------+-------------------------------------------
     0 | D:1      | Dreadrock the Minotaur Berserker began the quest for the
                  | Orb.
     0 | D:1      | Reached XP level 1. HP: 19/19 MP: 0/0
   159 | D:1      | Reached skill level 4 in Axes
   213 | D:1      | Reached XP level 2. HP: 27/27 MP: 1/1
   901 | D:2      | Noticed Terence
   909 | D:2      | Killed Terence
   910 | D:2      | Reached skill level 5 in Axes
   910 | D:2      | Reached XP level 3. HP: 14/34 MP: 2/2
  1465 | D:2      | Found Salyso's Armour Shoppe.
  1864 | D:2      | Reached XP level 4. HP: 28/41 MP: 3/3
  2137 | D:2      | Reached ** piety under Trog
  2680 | D:3      | Found a faded altar of an unknown god.
  2795 | D:3      | Found a transporter.
  2796 | D:3      | Noticed an ogre
  2796 | D:3      | Noticed Name63's ghost (amateur FeTm)
  2802 | D:3      | Noticed an ogre
  2804 | D:3      | Found a transporter.
  2864 | D:3      | Found Mosseocu's Assorted Antiques.
  3067 | D:3      | Noticed Robin
  3076 | D:3      | Killed Robin
  3422 | D:3      | Killed an ogre
  3423 | D:3      | Reached skill level 6 in Axes
  3423 | D:3      | Reached skill level 1 in Shields
  3423 | D:3      | Reached XP level 5. HP: 47/47 MP: 4/4
  3425 | D:3      | Killed an ogre
  3426 | D:3      | Reached skill level 5 in Fighting
  3426 | D:3      | Reached XP level 6. HP: 56/56 MP: 5/5
  3426 | D:3      | Killed Name63's ghost
  3714 | D:4      | Found Iwiotoso's Distillery.
  3780 | D:4      | Found a glowing silver altar of Zin.
  4244 | D:5      | Entered Level 5 of the Dungeon
  4356 | D:5      | Reached skill level 7 in Axes
  4356 | D:5      | Reached XP level 7. HP: 33/61 MP: 6/6
  5251 | D:5      | Slain by an ogre

Illustrated notes

Levels and vault maps discovered:
D:1:      tarquinn_simple_flora_water_e, layout_rooms
D:2:      layout_basic, serial_shops, nicolae_shop_crystal, item_on_display_a,
          uniq_terence
D:3:      layout_loops_ring, serial_shops, shop,
          ebering_ecumenical_altar_sacrificial, gammafunk_ghost_smash,
          uniq_robin
D:4:      layout_rooms, mainiacjoe_overflow_brackets, serial_shops,
          nicolae_shop_stone
D:5:      layout_cave_pods, minmay_temple_entry_sparse_star

Skill      XL: |  1  2  3  4  5  6  7 |
---------------+----------------------+-----
Axes           | 4 5 6 7 |  7.5
Fighting       | 4 5 |  5.7
Armour         | 3 4 |  4.1
Shields        | 1 2 3 |  3.2
Dodging        | 3 |  3.8

Action                   |  1- 3 |  4- 6 |  7- 9 || total
-------------------------+-------+-------+-------++-------
Melee: Hand axe          |    65 |   111 |    35 ||   211
       Headbutt          |     5 |    15 |     6 ||    26
       Punch             |       |     4 |     1 ||     5
Invok: Berserk           |     1 |     1 |     1 ||     3
Armor: Animal skin       |     9 |       |       ||     9
       Leather armour    |     2 |    36 |    11 ||    49
Dodge: Dodged            |    41 |    53 |    16 ||   110
Block: Other             |       |    17 |     6 ||    23
